 Dungeon Crawl Stone Soup version 0.28.0-53-g5a82cb258f (webtiles) character file.

Game seed: 7676112498593876138

18 Zeld the Digger (level 2, -9/15 HPs)
             Began as a Gargoyle Earth Elementalist on May 26, 2022.
             Mangled by a gnoll
             ... wielding a +2 vorpal flail
              (10 damage)
             ... on level 1 of the Dungeon.
             The game lasted 00:01:12 (787 turns).

Zeld the Digger (Gargoyle Earth Elementalist)        Turns: 787, Time: 00:01:13

Health: -9/15      AC:  4    Str: 11    XL:     2   Next: 66%
Magic:  2/5        EV: 11    Int: 15    God:
Gold:   10         SH:  0    Dex: 10    Spells: 4/5 levels left

rFire   . . .      SeeInvis .   (no weapon)
rCold   . . .      Faith    .   (no shield)
rNeg    + . .      Spirit   .   b - +0 robe
rPois   ∞          Reflect  .   (no helmet)
rElec   +          Harm     .   (no cloak)
rCorr   .          Rampage  .   (no gloves)
Will    .....                   (no boots)
Stlth   ++........              (no amulet)
HPRegen 0.05/turn               (no ring)
MPRegen 0.09/turn               (no ring)

@: no status effects
A: sickness immunity, AC +2, negative energy resistance 1, electricity
resistance, torment resistance 1, petrification resistance
a: no special abilities


You were on level 1 of the Dungeon.
You visited 1 branch of the dungeon, and saw 1 of its levels.

You collected 10 gold pieces.

Inventory:

Missiles
 c - 5 stones
Armour
 b - a +0 robe (worn)
Scrolls
 a - a scroll of blinking {unknown}
 e - a scroll of identify {unknown}
Potions
 d - a potion of might {unknown}


   Skills:
 - Level 1.5 Dodging
 - Level 2.1 Stealth
 * Level 2.4 Spellcasting
 + Level 1.1 Transmutations
 * Level 4.1 Earth Magic


You had 4 spell levels left.
You knew the following spells:

 Your Spells              Type           Power      Damage    Failure   Level
a - Sandblast             Erth           28%        2d8       4%          1

Your spell library contained the following spells:

 Spells                   Type           Power      Damage    Failure   Level
 Passwall                 Tmut/Erth      7%         N/A       11%         2
 Stone Arrow              Conj/Erth      14%        3d7       28%         3
 Petrify                  Tmut/Erth      9%         N/A       58%         4


Dungeon Overview and Level Annotations

Branches:
Dungeon (1/15)

Altars:

Shops:
D:1 :


Innate Abilities, Weirdness & Mutations

You are immune to sickness and miasma.
Your stone body is resilient. (AC +2)
You are immune to poison.
You resist negative energy. (rN+)
You are resistant to electric shocks. (rElec)
You are resistant to unholy torment.
You are immune to petrification.


Message History

Found a rapier.
Search for what [Enter for "armor", or ? for help]?
A gnoll comes into view. It is wielding a +2 vorpal flail.
A gnoll is nearby!
A gnoll is nearby!
The gnoll misses you.
A gnoll is nearby!
Casting: Sandblast (safe; 4% risk of failure)
Confirm with . or Enter, or press ? or * to list all spells.
You don't know that spell.
Unknown command.
Casting: Sandblast (safe; 4% risk of failure)
Confirm with . or Enter, or press ? or * to list all spells.
Aiming: Sandblast (safe; 4% risk of failure)
Press: ? - help, Shift-Dir - straight line, f - gnoll
Aim: a gnoll, wielding a +2 vorpal flail (82% to hit)
The blast of sand hits the gnoll.
The gnoll is moderately wounded.
c - 7 stones The gnoll barely misses you.
Casting: Sandblast (safe; 4% risk of failure)
Confirm with . or Enter, or press ? or * to list all spells.
Aiming: Sandblast (safe; 4% risk of failure)
Press: ? - help, Shift-Dir - straight line, f/p - gnoll
Aim: a gnoll, wielding a +2 vorpal flail (moderately wounded, 82% to hit)
The blast of sand misses the gnoll.
c - 6 stones The gnoll hits you with a +2 vorpal flail!
Ouch! That really hurt!
* * * LOW HITPOINT WARNING * * *
x2
Casting: Sandblast (safe; 4% risk of failure)
Confirm with . or Enter, or press ? or * to list all spells.
Aiming: Sandblast (safe; 4% risk of failure)
Press: ? - help, Shift-Dir - straight line, f/p - gnoll
Aim: a gnoll, wielding a +2 vorpal flail (moderately wounded, 82% to hit)
The blast of sand misses the gnoll.
c - 5 stones The gnoll hits you with a +2 vorpal flail!
Ouch! That really hurt!
You die...

#..# #... ##.##
#... ##..# ##..
##..## ##.
###########...#
##
#.............#
#
#.........#####
# #.........# #
#.....@...#
#....g...)#
##########
#.........#
#>.......#
#.........#
#........##
###########
#....)..†.#
####.####..
##.# ###
#..######
#.##.....


You could see a gnoll.

Vanquished Creatures
  2 endoplasms (D:1)
  2 hobgoblins (D:1)
  A kobold (D:1)
  4 ball pythons (D:1)
  4 bats (D:1)
  A frilled lizard (D:1)
  A goblin (D:1)
  2 rats (D:1)
17 creatures vanquished.

Notes
Turn   | Place    | Note
-------+----------+-------------------------------------------
     0 | D:1      | Zeld the Gargoyle Earth Elementalist began the quest for
                  | the Orb.
     0 | D:1      | Reached XP level 1. HP: 10/10 MP: 3/3
   509 | D:1      | Reached skill level 1 in Transmutations
   509 | D:1      | Reached XP level 2. HP: 15/15 MP: 0/5
   575 | D:1      | Reached skill level 4 in Earth Magic
   677 | D:1      | Found Govaaf's Book Shoppe.
   787 | D:1      | Mangled by a gnoll

Illustrated notes

Levels and vault maps discovered:
D:1:      ncdulo_smallfort, layout_rooms, serial_shops, nicolae_shop_stone,
          nicolae_shop_bloodbath_and_beyond, chequers_serial_rivers_room_b

Skill      XL: |  1  2 |
---------------+-------+-----
Transmutations | 1 |  1.1
Earth Magic    | 4 |  4.1
Dodging        | |  1.5
Stealth        | |  2.1
Spellcasting   | |  2.4

Action                   || total
-------------------------++-------
Melee: Unarmed           ||    12
 Cast: Sandblast         ||    28
Armor: Robe              ||     7
Dodge: Dodged            ||    27
